 Dungeon Crawl Stone Soup version 0.25-a0-479-g8579842fd4 (webtiles) character file.

Game seed: 5750705830408204097, levelgen mode: deterministic

70 Error4North the Shield-Bearer (level 4, -5/40 HPs)
             Began as a Hill Orc Fighter on Feb 9, 2020.
             Killed from afar by a white imp (9 damage)
             ... with a puff of frost
             ... summoned by Natasha
             ... on level 2 of the Dungeon.
             The game lasted 00:06:30 (1733 turns).

Error4North the Shield-Bearer (Hill Orc Fighter)    Turns: 1733, Time: 00:06:30

Health: -5/40      AC:  9    Str: 24    XL:     4   Next: 21%
Magic:  5/5        EV:  4    Int:  8    God:
Gold:   57         SH: 14    Dex: 10    Spells: 4/4 levels left

rFire    . . .     SeeInvis .   a - +0 war axe
rCold    . . .     Gourm    .   b - +0 large shield
rNeg     . . .     Faith    .   k - +0 chain mail
rPois    .         Spirit   .   (no helmet)
rElec    .         Reflect  .   (no cloak)
rCorr    .         Harm     .   (no gloves)
MR       .....                  (no boots)
Stlth    ..........             e - amulet of the acrobat
HPRegen  0.13/turn              (no ring)
MPRegen  0.09/turn              (no ring)

@: mighty, slowed, very slow
A: no striking features
a: no special abilities


You were on level 2 of the Dungeon.
You were not hungry.

You visited 1 branch of the dungeon, and saw 2 of its levels.

You collected 57 gold pieces.

Inventory:

Hand Weapons
 a - a +0 war axe (weapon)
Armour
 b - a +0 large shield (worn)
 k - a +0 chain mail (worn)
Jewellery
 e - an amulet of the acrobat (around neck)
 j - a +2 amulet of reflection {unknown}
Scrolls
 c - a scroll of enchant weapon {unknown}
 g - 5 scrolls of teleportation {unknown}
 h - 2 scrolls of identify {unknown}
 i - 3 scrolls of remove curse {unknown}
 m - a scroll of immolation {unknown}
 r - 2 scrolls of amnesia {unknown}
 t - a scroll of enchant armour {unknown}
Potions
 n - a potion of invisibility {unknown}
 o - a potion of haste {unknown}
 p - a potion of curing {unknown}
 q - 2 potions of magic {unknown}
 s - a potion of lignification {unknown}
Comestibles
 f - 10 rations


   Skills:
 * Level 3.9 Fighting
 + Level 3.4 Axes
 * Level 3.8 Armour
 + Level 0.1 Dodging
 * Level 4.1 Shields
 * Level 0.8 Spellcasting


You had 4 spell levels left.
You didn't know any spells.
Your spell library was empty.

Dungeon Overview and Level Annotations

Branches:
Dungeon (2/15)

Altars:
The Shining One

Annotations:
D:2 Natasha


Message History

Natasha mumbles some strange words.
Natasha glows brightly for a moment.
You block Natasha's attack. You block the crimson imp's attack.
Okay, then.
You feel very mighty all of a sudden. Natasha claws you.
* * * LOW HITPOINT WARNING * * *
You block the crimson imp's attack.
Natasha casts a spell.
You closely miss Natasha.
Your shield and chain mail prevent you from hitting the crimson imp.
You completely miss the white imp.
The crimson imp blinks!
You block Natasha's attack. You block the white imp's attack.
You block Natasha's attack. The white imp hits you.
* * * LOW HITPOINT WARNING * * *
The white imp freezes you.
* * * LOW HITPOINT WARNING * * *
The white imp gestures at you. The puff of frost hits you!
You die...

#............#
#...(......#
#####............#
#...........
....#........>.###
#..#######.#
....#.########.#
#..#........
...).....# #.###
#..#.####...
.........# #...#
#..#.# #... .........#
#...# #....# #..<
.........# #...#
##.######..#
.........# #.5@#
#.........#
(........##.....5h.#
#########.#
.........##........#
#.#
.........##...5......
#.#
.........##........###
#.#
.........###########
#.# .........# #.#
.........# #.#
########## #.#


You could see Natasha, a crimson imp and 2 white imps.

Vanquished Creatures
  2 adders (D:2)
  A dart slug (D:2)
  A leopard gecko (D:2)
  4 giant cockroaches
  5 goblins
  7 hobgoblins
  7 jackals
  8 bats
  4 frilled lizards
  3 kobolds
  3 rats
45 creatures vanquished.

Notes
Turn   | Place    | Note
-------+----------+-------------------------------------------
     0 | D:1      | Error4North the Hill Orc Fighter began the quest for the
                  | Orb.
     0 | D:1      | Reached XP level 1. HP: 19/19 MP: 1/1
   168 | D:1      | Reached XP level 2. HP: 27/27 MP: 2/2
   707 | D:1      | Reached XP level 3. HP: 33/33 MP: 3/3
  1002 | D:2      | Reached skill level 4 in Shields
  1026 | D:2      | Found a glowing golden altar of the Shining One.
  1415 | D:2      | Reached XP level 4. HP: 39/40 MP: 5/5
  1718 | D:2      | Noticed Natasha
  1733 | D:2      | Killed from afar by a white imp

Levels and vault maps discovered:
D:1:      lightli_arrival_windingriver, layout_loops_ring
D:2:      layout_basic, nicolae_tso_swordbearing_angel, uniq_natasha

Skill      XL: |  1  2  3 |
---------------+----------+-----
Axes           | 3 |  3.4
Shields        | 4 |  4.1
Fighting       | |  3.9
Armour         | |  3.8
Dodging        | |  0.1
Spellcasting   | |  0.8

Action                   |  1- 3 |  4- 6 || total
-------------------------+-------+-------++-------
Melee: War axe           |   207 |    36 ||   243
  Use: Potion            |       |     1 ||     1
  Eat: Chunk             |     1 |     2 ||     3
Armor: Scale mail        |     9 |       ||     9
       Chain mail        |    97 |    17 ||   114
Dodge: Dodged            |    38 |     4 ||    42
Block: Shield            |    22 |       ||    22
       Large shield      |   165 |    41 ||   206

Table legend:
 A = Non-vault XP
 B = Vault XP
 C = Vault XP percentage of total XP
 D = Non-vault monster count
 E = Vault monster count
 F = Vault count percentage of total count
                 A         B        C        D         E       F
            +---------+---------+-------+---------+---------+-------
      Total |     100 |       0 |   0.0 |      45 |       0 |   0.0
            +---------+---------+-------+---------+---------+-------
        D:1 |      37 |       0 |   0.0 |      23 |       0 |   0.0
        D:2 |      63 |       0 |   0.0 |      22 |       0 |   0.0
            +---------+---------+-------+---------+---------+-------
